 Dungeon Crawl Stone Soup version 0.28-a0-556-gab23d0e057 (webtiles) character file.

Game seed: 8979552309838326670

2521 frimble the Frost Mage (level 9, -1/66 HPs)
             Began as a Gnoll Ice Elementalist on Sept 28, 2021.
             Was an Initiate of Cheibriados.
             Slain by Menkaure (22 damage)
             ... on level 7 of the Dungeon.
             The game lasted 00:20:27 (8927 turns).

frimble the Frost Mage (Gnoll Ice Elementalist)     Turns: 8927, Time: 00:20:28

Health: -1/66      AC:  4    Str:  9    XL:     9   Next: 54%
Magic:  19/19      EV: 14    Int: 19    God:    Cheibriados [......]
Gold:   276        SH:  0    Dex: 13    Spells: 4/21 levels left

rFire   + + .      SeeInvis .   q - +1 short sword (drain)
rCold   . . .      Faith    .   (no shield)
rNeg    + . .      Spirit   .   e - +1 leather armour {rF+}
rPois   .          Reflect  .   (no helmet)
rElec   .          Harm     .   (no cloak)
rCorr   .          Rampage  .   (no gloves)
Will    .....                   (no boots)
Stlth   +++.......              k - amulet of magic regeneration
HPRegen 0.21/turn               t - ring of protection from fire
MPRegen 0.41/turn               p - ring of positive energy

@: very slow
A: fangs 1, strong nose, distributed training, mutation resistance 1
a: Renounce Religion, Bend Time


You were on level 7 of the Dungeon.
You worshipped Cheibriados.
Cheibriados was noncommittal.
You visited 2 branches of the dungeon, and saw 8 of its levels.

You collected 368 gold pieces.
You spent 92 gold pieces at shops.

Inventory:

Hand Weapons
 j - a +0 dagger of freezing
 q - a +1 short sword of draining (weapon)
Armour
 e - a +1 leather armour of fire resistance (worn)
Jewellery
 g - an amulet of guardian spirit
 k - an amulet of magic regeneration (around neck)
 p - a ring of positive energy (right hand)
 t - a ring of protection from fire (left hand)
Scrolls
 b - 5 scrolls of magic mapping
 d - a scroll of identify
 f - a scroll of silence {unknown}
 h - 3 scrolls of enchant armour
 i - a scroll of amnesia {unknown}
 l - a scroll of blinking
 m - a scroll of enchant weapon
 n - a scroll of fog
 r - a scroll of brand weapon {unknown}
Potions
 a - 2 potions of flight
 c - a potion of resistance
 o - a potion of heal wounds {unknown}
 s - a potion of haste
 u - a potion of invisibility {unknown}


   Skills:
 + Level 4.3 Fighting
 + Level 4.3 Short Blades
 + Level 4.3 Long Blades
 + Level 4.3 Axes
 + Level 4.3 Maces & Flails
 + Level 4.3 Polearms
 + Level 4.3 Staves
 + Level 4.3 Slings
 + Level 4.3 Bows
 + Level 4.3 Crossbows
 + Level 4.3 Throwing
 + Level 4.3 Armour
 + Level 6.4 Dodging
 + Level 6.1 Stealth
 + Level 4.3 Shields
 + Level 4.3 Unarmed Combat
 + Level 6.7 Spellcasting
 + Level 3.5 Conjurations
 + Level 3.5 Hexes
 + Level 3.5 Summonings
 + Level 3.5 Necromancy
 + Level 3.5 Translocations
 + Level 3.5 Transmutations
 + Level 3.5 Fire Magic
 + Level 8.0 Ice Magic
 + Level 3.5 Air Magic
 + Level 3.5 Earth Magic
 + Level 3.5 Poison Magic
 + Level 4.8 Invocations
 + Level 4.3 Evocations


You had 4 spell levels left.
You knew the following spells:

 Your Spells              Type           Power      Damage    Failure   Level
a - Freeze                Ice            100%       1d11      1%          1
b - Frozen Ramparts       Ice            74%        1d9       1%          3
c - Blink                 Tloc           N/A        N/A       4%          2
d - Ozocubu's Armour      Ice            37%        N/A       1%          3
e - Ignition              Fire           10%        3d5       100%        8

Your spell library contained the following spells:

 Spells                   Type           Power      Damage    Failure   Level
 Ensorcelled Hibernation  Hex/Ice        56%        N/A       1%          2
 Call Canine Familiar     Summ           20%        N/A       10%         3
 Lesser Beckoning         Tloc           20%        N/A       10%         3
 Portal Projectile        Hex/Tloc       40%        N/A       10%         3
 Spider Form              Tmut/Pois      10%        N/A       10%         3
 Hailstorm                Conj/Ice       28%        3d8       13%         4
 Leda's Liquefaction      Hex/Erth       10%        N/A       32%         4
 Fireball                 Conj/Fire      10%        3d6       65%         5
 Manifold Assault         Tloc           20%        N/A       65%         5
 Starburst                Conj/Fire      10%        6d5       99%         6


Dungeon Overview and Level Annotations

Branches:
Dungeon (7/15)             Temple (1/1) D:5

Altars:
Ashenzari
Cheibriados
Dithmenos
Fedhas
Gozag
Hepliaklqana
Makhleb
Qazlal
Ru
Sif Muna
Trog
Wu Jian
Zin
The Shining One

Shops:
D:1 =:**   D:3 =

Annotations:
D:4 Grinder
D:7 Menkaure


Innate Abilities, Weirdness & Mutations

You have very sharp teeth.
Your uncanny sense of smell can sniff out nearby items.
Your experience applies equally to all skills.
You are somewhat resistant to further mutation.


Message History

You hit Menkaure. You bite Menkaure, but do no damage.
Menkaure is moderately damaged.
Menkaure gestures wildly while chanting.
Menkaure seems to speed up.
You hit Menkaure.
Menkaure is heavily damaged.
Menkaure casts a spell at you.
You struggle to resist.
You hit Menkaure.
Menkaure is heavily damaged.
Menkaure grins.
Menkaure calls on the powers of darkness!
Your body is wracked with pain!
You hit Menkaure. You bite Menkaure, but do no damage.
Menkaure is severely damaged.
Menkaure points at you and mumbles some strange words.
Pain shoots through your body!
You barely miss Menkaure.
Menkaure is severely damaged.
Menkaure blazes with dark energy!
Menkaure calls on the powers of darkness!
Your body is wracked with pain!
You barely miss Menkaure.
Menkaure is severely damaged.
Menkaure completely misses you.
You hit Menkaure but do no damage. You bite Menkaure, but do no damage.
Menkaure is severely damaged.
Menkaure closely misses you.
You hit Menkaure.
Menkaure is severely damaged.
Menkaure closely misses you.
Okay, then.
Unknown command.
You aren't carrying any items that you can evoke.
Okay, then.
Unknown command.
You hit Menkaure.
Menkaure is almost destroyed.
Menkaure hits you!!
You die...

##########
#........#
#.........
#........###
#........#@#
#........#M#
.........#.#
#..........#
#........###
####.#.#...
# #.##### #.
##


You could see Menkaure (fast).

Vanquished Creatures
  Harold (D:7)
  2 water moccasins
  Duvessa (D:4)
  An orc warrior (D:6)
  A black bear (D:4)
  An ice beast (D:6)
  2 sky beasts
  A centaur (D:7)
  2 scorpions (D:5)
  A water moccasin zombie (D:5)
  Dowan (D:4)
  A water moccasin skeleton (D:6)
  An orc priest (D:6)
  4 hounds (D:5)
  3 centaur skeletons
  3 jellies
  2 iguanas
  5 orc wizards
  4 gnolls
  9 adders
  A white imp (D:7)
  An ufetubus (D:6)
  4 dart slugs
  25 orcs
  4 endoplasms
  2 giant cockroaches
  9 goblins
  3 hobgoblins (D:1)
  4 jackals (D:3)
  3 quokkas
  7 ball pythons
  10 bats
  5 frilled lizards
  6 kobolds
  2 rats (D:1)
132 creatures vanquished.

Vanquished Creatures (others)
  A demonic plant (D:1)
  5 plants
  2 withered plants (D:1)
8 creatures vanquished.

Grand Total: 140 creatures vanquished

Notes
Turn   | Place    | Note
-------+----------+-------------------------------------------
     0 | D:1      | frimble the Gnoll Ice Elementalist began the quest for the
                  | Orb.
     0 | D:1      | Reached XP level 1. HP: 13/13 MP: 6/6
    27 | D:1      | Found a faded altar of an unknown god.
   257 | D:1      | Reached XP level 2. HP: 15/19 MP: 5/7
   444 | D:1      | Found Yroir's Assorted Antiques.
   466 | D:1      | Reached XP level 3. HP: 16/25 MP: 2/9
   581 | D:1      | Bought a scroll labelled IBOZ RYUJIKHO for 18 gold pieces
   581 | D:1      | Bought a fuming golden potion for 16 gold pieces
   581 | D:1      | Bought a purple potion for 16 gold pieces
   741 | D:1      | Reached skill level 5 in Spellcasting
   772 | D:1      | Found Hyilupn's General Store.
   827 | D:1      | Bought a scroll of magic mapping for 42 gold pieces
   954 | D:1      | Learned a level 3 spell: Frozen Ramparts
  1101 | D:1      | Learned a level 2 spell: Blink
  1311 | D:1      | Found Neno Zedua's Book Boutique.
  1314 | D:1      | Found Quteo's Jewellery Emporium.
  1473 | D:2      | Reached skill level 1 in Invocations
  1580 | D:2      | Reached skill level 1 in Fighting
  1580 | D:2      | Reached skill level 1 in Short Blades
  1580 | D:2      | Reached skill level 1 in Long Blades
  1580 | D:2      | Reached skill level 1 in Axes
  1580 | D:2      | Reached skill level 1 in Maces & Flails
  1580 | D:2      | Reached skill level 1 in Polearms
  1580 | D:2      | Reached skill level 1 in Staves
  1580 | D:2      | Reached skill level 1 in Slings
  1580 | D:2      | Reached skill level 1 in Bows
  1580 | D:2      | Reached skill level 1 in Crossbows
  1580 | D:2      | Reached skill level 1 in Throwing
  1580 | D:2      | Reached skill level 1 in Armour
  1580 | D:2      | Reached skill level 1 in Shields
  1580 | D:2      | Reached skill level 1 in Unarmed Combat
  1580 | D:2      | Reached skill level 1 in Evocations
  1857 | D:2      | Reached XP level 4. HP: 27/32 MP: 11/11
  2310 | D:2      | Reached skill level 1 in Conjurations
  2310 | D:2      | Reached skill level 1 in Hexes
  2310 | D:2      | Reached skill level 1 in Summonings
  2310 | D:2      | Reached skill level 1 in Necromancy
  2310 | D:2      | Reached skill level 1 in Translocations
  2310 | D:2      | Reached skill level 1 in Transmutations
  2310 | D:2      | Reached skill level 1 in Fire Magic
  2310 | D:2      | Reached skill level 1 in Air Magic
  2310 | D:2      | Reached skill level 1 in Earth Magic
  2310 | D:2      | Reached skill level 1 in Poison Magic
  2313 | D:2      | Reached XP level 5. HP: 15/37 MP: 12/12
  3196 | D:3      | Found Vuxall's Jewellery Shop.
  3884 | D:4      | Noticed a black bear
  3898 | D:4      | Killed a black bear
  3899 | D:4      | Reached XP level 6. HP: 44/44 MP: 9/14
  3925 | D:4      | Reached skill level 5 in Dodging
  4579 | D:4      | HP: 2/44 [acid (7)]
  4581 | D:4      | Reached XP level 7. HP: 2/50 MP: 8/15
  4962 | D:4      | Noticed Grinder
  5039 | D:4      | Noticed Dowan
  5040 | D:4      | Noticed Duvessa
  5047 | D:4      | Killed Dowan
  5050 | D:4      | Killed Duvessa
  5352 | D:5      | Entered Level 5 of the Dungeon
  5453 | D:5      | Reached skill level 5 in Stealth
  6103 | D:5      | Found a shadowy altar of Dithmenos.
  6145 | D:5      | Reached XP level 8. HP: 14/57 MP: 11/16
  6146 | D:5      | Gained mutation: You are somewhat resistant to further
                  | mutation. [potion of mutation]
  6150 | D:5      | HP: 2/57 [poisoned by a water moccasin]
  7112 | D:5      | Found a staircase to the Ecumenical Temple.
  7626 | D:6      | Learned a level 3 spell: Ozocubu's Armour
  7635 | D:6      | Learned a level 8 spell: Ignition
  7929 | D:6      | Reached XP level 9. HP: 45/65 MP: 15/18
  8402 | D:7      | Noticed Harold
  8421 | D:7      | Killed Harold
  8422 | D:7      | Reached skill level 8 in Ice Magic
  8712 | Temple   | Entered the Ecumenical Temple
  8762 | Temple   | Became a worshipper of Cheibriados the Contemplative
  8795 | D:7      | Noticed Menkaure
  8927 | D:7      | Slain by Menkaure

Illustrated notes

Levels and vault maps discovered:
D:1:      scummos_arrival_forest, layout_loops_ring, serial_shops,
          nicolae_diamond_shop, shop_fountains, shop, shop_coins,
          shapermc_ecumenical_altar_gd
D:2:      layout_loops_cross
D:3:      layout_rooms, serial_bayou, serial_bayou_ford_a, serial_bayou_lake_a,
          serial_bayou_pond_e, serial_bayou_shore_a, serial_shops,
          nicolae_shop_crystal, kennysheep_cluttered_room, hex_tiny
D:4:      layout_cave_pools, uniq_grinder, uniq_duvessa
D:5:      layout_basic, mainiacjoe_overflow_brackets,
          minmay_temple_entry_from_below_a, minmay_checkerbox
D:6:      layout_basic
D:7:      layout_basic, nicolae_overflow_quartered_altars, uniq_harold,
          uniq_menkaure, uniq_joseph, uniq_pikel
Temple:   nicolae_temple_god_jail

Skill      XL: |  1  2  3  4  5  6  7  8  9 |
---------------+----------------------------+-----
Spellcasting   | 5 6 |  6.7
Invocations    | 1 2 3 4 |  4.8
Fighting       | 1 2 3 4 |  4.3
Short Blades   | 1 2 3 4 |  4.3
Long Blades    | 1 2 3 4 |  4.3
Axes           | 1 2 3 4 |  4.3
Maces & Flails | 1 2 3 4 |  4.3
Polearms       | 1 2 3 4 |  4.3
Staves         | 1 2 3 4 |  4.3
Slings         | 1 2 3 4 |  4.3
Bows           | 1 2 3 4 |  4.3
Crossbows      | 1 2 3 4 |  4.3
Throwing       | 1 2 3 4 |  4.3
Armour         | 1 2 3 4 |  4.3
Shields        | 1 2 3 4 |  4.3
Unarmed Combat | 1 2 3 4 |  4.3
Evocations     | 1 2 3 4 |  4.3
Conjurations   | 1 2 3 |  3.5
Hexes          | 1 2 3 |  3.5
Summonings     | 1 2 3 |  3.5
Necromancy     | 1 2 3 |  3.5
Translocations | 1 2 3 |  3.5
Transmutations | 1 2 3 |  3.5
Fire Magic     | 1 2 3 |  3.5
Air Magic      | 1 2 3 |  3.5
Earth Magic    | 1 2 3 |  3.5
Poison Magic   | 1 2 3 |  3.5
Dodging        | 5 6 |  6.4
Stealth        | 5 6 |  6.1
Ice Magic      | 8 |  8.0

Action                   |  1- 3 |  4- 6 |  7- 9 || total
-------------------------+-------+-------+-------++-------
Melee: Unarmed           |    66 |       |       ||    66
       Bite              |     8 |    10 |    22 ||    40
       Punch             |     1 |       |     2 ||     3
       Short sword       |    35 |   136 |   102 ||   273
       Dagger            |       |       |   138 ||   138
 Cast: Freeze            |    28 |    18 |    17 ||    63
       Frozen Ramparts   |       |    11 |    17 ||    28
       Blink             |       |     2 |     1 ||     3
       Ozocubu's Armour  |       |       |     1 ||     1
  Use: Scroll            |     2 |     3 |     3 ||     8
       Potion            |       |       |    11 ||    11
 Stab: Sleeping          |     8 |     4 |     6 ||    18
Armor: Robe              |     3 |       |       ||     3
       Leather armour    |    24 |    59 |    59 ||   142
Dodge: Dodged            |    79 |   122 |   168 ||   369

Table legend: (Time is in decaauts)
 A = Elapsed time spent in this place.
 B = Non-inter-level travel time spent in this place.
 C = Inter-level travel time spent in this place.
 D = Time resting spent in this place.
 E = Time spent auto-exploring this place.
 F = Levels seen in this place.
 G = Mean time per level.
                   A        B        C        D        E       F      G
               +--------+--------+--------+--------+--------+-----+--------+
         Total |   8969 |   8695 |    274 |      0 |   7372 |   8 | 1121.1 |
       Dungeon |   8905 |   8654 |    251 |      0 |   7343 |   7 | 1272.1 |
        Temple |     64 |     42 |     22 |      0 |     29 |   1 |   64.0 |
               +--------+--------+--------+--------+--------+-----+--------+

Top non-repeatable levels by time:
     D:5: 1834 daAuts
     D:6: 1548 daAuts
     D:2: 1481 daAuts
     D:1: 1469 daAuts
     D:4: 1416 daAuts
     D:3: 1041 daAuts
     D:7: 113 daAuts
  Temple: 64 daAuts
